Cogmind - Beta 11.1 @@@ ROGUE MODE // 2022.06.01 @ 17:39:54 Player: Demise Result: Destroyed by 8R-AWN with 8R-AWN's Boregun Performance ------------- Evolutions (0) 0 Regions Visited (3) 600 Robots Destroyed (43) 215 Value Destroyed (597) 597 Prototype IDs (4) 80 Alien Tech Used (0) 0 Bonus (-4) -4 TOTAL SCORE: 1488 Bonus ------- High Alert Combat Kills 4 Follower Combat Kills 7 Friendly Fire -15 Cogmind --------- Core Integrity 0/250 Matter 295/300 Energy 99/100 System Corruption 25% Temperature Cool (0) Movement Core (50) Location -10/Exiles Parts ------- > --- POWER (1) -------- (None) > --- PROPULSION (2) --- (None) > --- UTILITY (2) ------ (None) > --- WEAPON (2) ------- (None) > --- INVENTORY (5) ---- Wheel Beam Cannon Light Assault Rifle Light Assault Rifle Light Assault Rifle Peak State ------------ > --- POWER ------------ Ion Engine > --- PROPULSION ------- Wheel Wheel > --- UTILITY ---------- Huge Storage Unit Seismic Detector > --- WEAPON ----------- Assault Rifle Assault Rifle > --- INVENTORY -------- Light Ion Engine Wheel Wheel Compact Wheel Heat Sink Weight Redist. System Structural Scanner Visual Processing Unit Targeting Computer Propulsion Shielding Propulsion Shielding Hacking Suite Hacking Suite Medium Laser Beam Cannon Assault Rifle Assault Rifle Light Assault Rifle Light Assault Rifle Light Assault Rifle Light Assault Rifle Light Assault Rifle Light Assault Rifle Light Assault Rifle Grenade Launcher [Rating: 10] Favorites ----------- Power Ion Engine Engine Ion Engine Propulsion Wheel Wheel Wheel Utility Huge Storage Unit Device Seismic Detector Storage Huge Storage Unit Weapon Assault Rifle Ballistic Gun Assault Rifle Launcher Grenade Launcher Build | -11 -10 -10 -10 ------- Run | Scr Mat Min Exi Slots Evolved . | . . . . Power . | . . . . Propulsion . | . . . . Utility . | . . . . Weapon . | . . . . Parts Attached 31 | 6 16 7 2 Power 7 | 1 4 2 . Engine 7 | 1 4 2 . Core . | . . . . Reactor . | . . . . Propulsion 10 | 2 3 5 . Treads . | . . . . Leg . | . . . . Wheel 10 | 2 3 5 . Hover . | . . . . Flight . | . . . . Utility 7 | 1 6 . . Device 5 | . 5 . . Storage 2 | 1 1 . . Processor . | . . . . Hackware . | . . . . Protection . | . . . . Artifact . | . . . . Weapon 7 | 2 3 . 2 Energy Gun . | . . . . Energy Cannon . | . . . . Ballistic Gun 6 | 2 3 . 1 Ballistic Cannon . | . . . . Launcher 1 | . . . 1 Special Weapon . | . . . . Impact Weapon . | . . . . Slashing Weapon . | . . . . Piercing Weapon . | . . . . Special Melee Weapon . | . . . . Unidentified Prototypes . | . . . . Parts Lost 9 | . 3 . 6 Power 2 | . 1 . 1 Propulsion 3 | . 1 . 2 Utility 2 | . 1 . 1 Weapon 2 | . . . 2 Highest Loss Streak 6 | . 2 . 6 To Critical Strikes . | . . . . Average Slot Usage (%) 98 | . 97 100 93 Engine 13 | . 13 14 14 Wheel 27 | . 27 28 26 Device 13 | . 13 14 12 Storage 14 | . 14 14 14 Ballistic Gun 27 | . 27 28 26 Naked Turns 2 | . . . 2 Heaviest Build 90 | 11 90 90 88 Greatest Support 32 | 32 32 20 20 Greatest Overweight (x) 8 | . 5 4 8 Average Overweight (x) 3 | . 3 4 3 Largest Inventory Capacity 25 | 8 25 25 25 Average Capacity 23 | 7 23 25 24 Most Carried 25 | 3 25 25 25 Average Carried 19 | 1 15 24 24 Final Capacity 25 | 8 25 25 5 Final Carried 25 | 3 25 25 5 Class Distribution -------------------- 76% | Mutant 23% | Scavenger-Mutant Dominant Class ---------------- Mutant | -10/Materials Mutant | -10/Mines Mutant | -10/Exiles Resources | -11 -10 -10 -10 ----------- Run | Scr Mat Min Exi Matter Collected 1152 | 300 668 166 18 Remotely . | . . . . Salvage Created 1141 | 164 884 81 12 Parts 90 | 12 70 8 . Haulers Intercepted 2 | . 2 . . Recyclers Shooed 2 | . 2 . . Parts Field Recycled . | . . . . Retrieved Matter . | . . . . Parts Self-Destructed . | . . . . Prevented . | . . . . Kills | -11 -10 -10 -10 ------- Run | Scr Mat Min Exi Combat Hostiles Destroyed 25 | . 18 5 2 Guns 23 | . 18 5 . AOE 2 | . . . 2 Classes Destroyed 10 | 2 7 1 . Worker 4 | . 3 1 . Builder 2 | . 2 . . Tunneler 5 | 5 . . . Hauler 2 | . 2 . . Recycler 2 | 1 1 . . Operator 3 | . 3 . . Watcher 3 | . 3 . . Swarmer 13 | . 9 4 . Grunt 9 | . 9 . . Assembled 3 | . . 1 2 Best Kill Streak 7 | 6 7 2 2 Combat Bots Only 4 | . 4 2 2 Max Kills in Single Turn 2 | 2 1 1 1 Gunslinging . | . . . . Exploded 1 | . . . 1 Melee . | . . . . Uniques/NPCs Destroyed . | . . . . Combat | -11 -10 -10 -10 -------- Run | Scr Mat Min Exi Damage Taken 1059 | . 532 80 447 Core 251 | . 98 33 120 Absorbed by Shields . | . . . . Regen/Repaired (Parts) 82 | . 82 . . Core Remaining (%) 100 | 100 . . . Volleys Fired 116 | 10 91 11 4 Largest 2 | 2 2 2 1 Hottest 40 | 40 40 40 30 Shots Fired 231 | 20 184 23 4 Gun 228 | 20 184 23 1 Cannon . | . . . . Launcher 3 | . . . 3 Special . | . . . . Kinetic 228 | 20 184 23 1 Thermal . | . . . . Explosive 3 | . . . 3 Electromagnetic . | . . . . Robot Hit Streak 16 | 6 16 4 1 Robot Miss Streak 5 | 2 5 3 1 Penetration Max . | . . . . Secondary Targets 1 | . 1 . . Max Gunslinging Chain 1 | . 1 . . Shots Hit Robots 129 | 11 104 13 1 Core Hits 68 | 9 46 8 5 Critical Kills 1 | . 1 . . Critical Parts Destroyed . | . . . . Critical Strikes 1 | . 1 . . Destroy 1 | . 1 . . Melee Attacks . | . . . . Impact . | . . . . Slashing . | . . . . Piercing . | . . . . Sneak Attacks . | . . . . Combat Hostiles . | . . . . Follow-up Attacks . | . . . . Damage Inflicted 1780 | 128 1269 182 201 Guns 1590 | 128 1269 182 11 Cannons . | . . . . Explosions 190 | . . . 190 Melee . | . . . . Ramming . | . . . . Kinetic 1590 | 128 1269 182 11 Thermal . | . . . . Explosive 190 | . . . 190 Electromagnetic . | . . . . Impact . | . . . . Slashing . | . . . . Piercing . | . . . . Highest Corruption 25 | . 5 5 25 Average Corruption 4 | . 4 5 6 Corruption Purged . | . . . . Corruption Blocked . | . . . . Effects 41 | . 15 23 3 Message Errors 9 | . 3 6 . Matter Fused 7 | . 5 2 . Heat Flow Errors 6 | . 2 4 . Energy Discharges 9 | . 3 6 . Data Loss (minor) 4 | . . 3 1 Data Loss (major) 1 | . . 1 . Misfires 4 | . 2 1 1 Weapon Failures 1 | . . . 1 Overload Shots . | . . . . Overflow Damage 4 | . . . 4 Projectiles . | . . . . Explosions 4 | . . . 4 Melee . | . . . . Knockbacks . | . . . . Impact . | . . . . Kinetic . | . . . . Secondary . | . . . . Self-Inflicted Damage . | . . . . Shots . | . . . . Rammed . | . . . . Targets Rammed . | . . . . Kicked . | . . . . Crushed . | . . . . Highest Temperature 226 | . 226 222 . Average Temperature 91 | . 90 91 . Received Heat Transfer 210 | . 210 . . Siege Activations . | . . . . Robots Corrupted . | . . . . Combat Hostiles . | . . . . Parts Fried . | . . . . Impact Corruptions . | . . . . Robots Melted . | . . . . Combat Hostiles . | . . . . Parts Melted . | . . . . Heat Transferred . | . . . . Parts Sabotaged . | . . . . Parts Stolen . | . . . . Parts Stripped . | . . . . Power Chain Reactions . | . . . . Missiles Intercepted . | . . . . Alert | -11 -10 -10 -10 ------- Run | Scr Mat Min Exi Peak Influence 446 | 30 446 180 . Initial 19 | . 19 2 . Average 120 | 11 170 62 . Maximum Alert Level 2 | . 2 . . Low Security (%) 78 | 100 61 100 . Level 1 18 | . 33 . . Level 2 2 | . 4 . . Level 3 . | . . . . Level 4 . | . . . . Level 5 . | . . . . High Security . | . . . . Max Security . | . . . . Squads Dispatched 5 | . 5 . . Investigation 3 | . 3 . . Extermination . | . . . . Reinforcement 2 | . 2 . . Assault . | . . . . Garrison . | . . . . Intercept . | . . . . Searches Triggered . | . . . . Construction Impeded . | . . . . Haulers Reinforced . | . . . . Active Scanning Responses . | . . . . Cargo Convoy Interrupts . | . . . . Stealth | -11 -10 -10 -10 --------- Run | Scr Mat Min Exi Distress Signals 2 | . 2 . . Communications Jammed . | . . . . Distress Signals . | . . . . Times Spotted 52 | . 34 10 8 Peak Tracking Total 9 | . 5 2 9 Tactical Retreats 5 | . 4 1 . Traps | -11 -10 -10 -10 ------- Run | Scr Mat Min Exi Traps Triggered 4 | . 4 . . Indirectly . | . . . . Trap Hack Attempts . | . . . . Triggered . | . . . . Disarmed . | . . . . Reprogrammed . | . . . . Reused . | . . . . Traps Extracted . | . . . . Installed . | . . . . Triggered . | . . . . Machines | -11 -10 -10 -10 ---------- Run | Scr Mat Min Exi Machines Disabled . | . . . . Max in Single Turn . | . . . . Machines Sabotaged . | . . . . Garrisons Compromised . | . . . . Overloaded Fab Kills . | . . . . Hacking | -11 -10 -10 -10 --------- Run | Scr Mat Min Exi Machines Accessed 8 | . 8 . . Terminals 5 | . 5 . . Fabricators . | . . . . Repair Stations 1 | . 1 . . Recycling Units 2 | . 2 . . Scanalyzers . | . . . . Garrison Access . | . . . . Total Hacks 32 | . 32 . . Successful 19 | . 19 . . Failed 12 | . 12 . . Catastrophic 3 | . 3 . . Database Lockouts 1 | . 1 . . Manual 15 | . 15 . . Terminals 23 | . 23 . . Fabricators . | . . . . Repair Stations 3 | . 3 . . Recycling Units 6 | . 6 . . Scanalyzers . | . . . . Garrison Access . | . . . . Terminal Hacks 9 | . 9 . . Robot Analysis 2 | . 2 . . Prototype ID Bank 2 | . 2 . . Level Access Points 1 | . 1 . . Branch Access Points 1 | . 1 . . Unreport Threat 3 | . 3 . . Fabricator Hacks . | . . . . Repair Station Hacks 2 | . 2 . . Scan Component 1 | . 1 . . Repair 1 | . 1 . . Recycling Unit Hacks 2 | . 2 . . Retrieve Components 2 | . 2 . . Scanalyzer . | . . . . Garrison Access Hacks . | . . . . Unauthorized Hacks 6 | . 6 . . Terminals 4 | . 4 . . Botnet 3 | . 3 . . Operators 1 | . 1 . . Fabricators . | . . . . Repair Stations . | . . . . Recycling Units 2 | . 2 . . Tunnel 2 | . 2 . . Scanalyzers . | . . . . Garrison Access . | . . . . Data Cores Recovered . | . . . . Used . | . . . . Hacking Detections 6 | . 6 . . Full Trace Events 3 | . 3 . . Feedback Events . | . . . . Feedback Blocked . | . . . . Robot Schematics Acquired . | . . . . Robots Built . | . . . . Authchips . | . . . . Time . | . . . . Total Robot Build Rating . | . . . . Part Schematics Acquired . | . . . . Parts Built . | . . . . Authchips . | . . . . Time . | . . . . Total Part Build Rating . | . . . . Parts Repaired 1 | . 1 . . Time 13 | . 13 . . Parts Recycled . | . . . . Recycled Matter . | . . . . Retrieved Matter . | . . . . Retrieved Components 5 | . 5 . . Parts Scanalyzed . | . . . . Part Schematics Acquired . | . . . . Parts Damaged . | . . . . Bothacking | -11 -10 -10 -10 ------------ Run | Scr Mat Min Exi Used RIF Installer . | . . . . Robots Hacked . | . . . . Non-combat . | . . . . Combat . | . . . . Robot Hacks Applied . | . . . . Relay Couplers Released . | . . . . Fabnet Peak Effective % . | . . . . Robots Rewired . | . . . . Allies Hacked . | . . . . Hacks Repelled . | . . . . Allies | -11 -10 -10 -10 -------- Run | Scr Mat Min Exi Total Allies 6 | . . 6 . Largest Group 6 | . . 6 3 Highest-Rated Group 116 | . . 116 63 Highest-Rated Ally 31 | . . 31 31 Total Orders . | . . . . Ally Attacks 41 | . . 38 3 Total Damage 323 | . . 321 2 Kills 9 | . . 9 . Allies Corrupted . | . . . . Allies Melted 1 | . . 1 . Intel | -11 -10 -10 -10 ------- Run | Scr Mat Min Exi Robot Analysis Total 2 | . 2 . . Derelict Logs Recovered 3 | . . 3 . Drone Launches . | . . . . Drone Recoveries . | . . . . Exploration | -11 -10 -10 -10 ------------- Run | Scr Mat Min Exi Turns Passed 2373 | 98 1288 916 71 Spaces Moved 1396 | 59 692 601 44 Core 5 | 2 . . 3 Treads . | . . . . Legs . | . . . . Wheels 1391 | 57 692 601 41 Hover . | . . . . Flight . | . . . . Fastest Speed 50 | 50 100 140 50 Average Speed 135 | 98 134 140 135 Slowest Speed 200 | 100 175 140 200 Overloaded Moves . | . . . . Propulsion Burnouts . | . . . . Robots Hopped . | . . . . Cave-ins Triggered . | . . . . Exploration Rate (%) 53 | 3 97 98 15 Regions Visited 3 Branch Regions 2 Pre-discovered Areas 3 | . 2 1 . Known Exits Taken 1 | . 1 . . Unknown Exits Taken 2 | 1 . 1 . Scrap Searched 1 | . . 1 . Spaces Dug . | . . . . Terrain Destroyed 12 | . . . 12 Melee . | . . . . Projectile . | . . . . AOE 12 | . . . 12 Terrain Rammed . | . . . . Walls Destroyed . | . . . . Machines Disabled . | . . . . Actions | -11 -10 -10 -10 --------- Run | Scr Mat Min Exi Total 1659 | 77 871 661 50 Wait 73 | . 43 30 . Move 1393 | 58 691 600 44 Hop . | . . . . Pick Up 32 | 3 26 3 . Fast Attach 11 | 6 5 . . Attach 3 | . 3 . . Detach . | . . . . Swap 17 | . 8 7 2 Drop 14 | . 4 10 . Fire 116 | 10 91 11 4 Melee . | . . . . Ram . | . . . . Kick . | . . . . Crush . | . . . . Escape Stasis . | . . . . Rewire . | . . . . Trap . | . . . . Miscellaneous . | . . . . Route ------- -11/Scrapyard -10/Materials (discovered 4 exits: *Mat x3 / *Min) -10/Mines (discovered 3 exits: *Mat x2 / [*Exi]) -10/Exiles History --------- Turn | Location | Event 13 | -11/Scrapyard | Discovered new exit (range 16) 99 | -11/Scrapyard | Entered Materials 292 | -10/Materials | Discovered new exit (range 9) 303 | -10/Materials | Build established: Mutant 323 | -10/Materials | Discovered new exit (range 9) 636 | -10/Materials | Identified exit to Mines 769 | -10/Materials | Build established: Scavenger-Mutant 795 | -10/Materials | Repaired Assault Rifle 983 | -10/Materials | Discovered new exit (range 15) 1142 | -10/Materials | Central database locked down 1142 | -10/Materials | Identified exit to Materials 1325 | -10/Materials | Build established: Mutant 1387 | -10/Materials | Entered Mines 1407 | -10/Mines | Discovered exit to Materials (range 12) 1466 | -10/Mines | Received a Mining Laser from a helpful Derelict 1489 | -10/Mines | Assembled infested the area 1504 | -10/Mines | Assisted by bots powering up and referring to "LRC-V3" 1855 | -10/Mines | Discovered exit to Materials (range 8) 1899 | -10/Mines | Learned 2 Materials zone layouts 1935 | -10/Mines | Core integrity fell below 50% 1947 | -10/Mines | Learned location of Zion (-6) 2292 | -10/Mines | Deemed a non-threat by the Exiles lab entrance 2292 | -10/Mines | Discovered new exit (range 5) 2303 | -10/Mines | Entered Exiles 2303 | -10/Exiles | Accompanied by 3 allies 2333 | -10/Exiles | Led the pair of lost Derelicts to a safe place 2337 | -10/Exiles | Met 8R-AWN 2359 | -10/Exiles | Attacked by the Exiles 2367 | -10/Exiles | System corruption reached 10% 2372 | -10/Exiles | Released all parts (1) 2373 | -10/Exiles | Core integrity fell below 20% 2374 | -10/Exiles | Destroyed by 8R-AWN with 8R-AWN's Boregun Last Messages --------------- 02371_ Wall collapses. 02372_ Wheel destroyed. 02372_ System corrupted by crushing effect (+3). 02372_ Penetrated by HV Slug. 02372_ HV Slug penetrates as-97742. 02372_ as-94303 destroyed. 02372_ Penetrated by HV Slug. 02372_ Lgt. Ion Engine destroyed. 02372_ HV Slug penetrates as-97742. 02372_ as-97742 destroyed. 02372_ Machine disabled. 02372_ Assault Rifle destroyed. 02372_ System corrupted by crushing effect (+5). 02372_ Knocked back. 02372_ Released Huge Storage Unit. 02374_ Acquired 18 matter. 02374_ Penetrated by HV Slug. 02374_ HV Slug penetrates as-36648. 02374_ Machine disabled. 02374_ Penetrated by HV Slug. Map ----- +----------------------------------------------------+ | ?????????????????????????????????????????????????? | | ?????????????????????????????????????????????????? | | ?????????????????????????????????????????????????? | | ?????????????????????????????????????????????????? | | ?????????????????????????????????????????????????? | | ?????????????????????????????????????????????????? | | ?????????????????????????????????????????????????? | | ?????????????????????????????????????????????????? | | ?????????????????????????????????????????????????? | | ?????????????????????????????????????????????????? | | ?????????????????????????????????????????????????? | | ?????????????????????????????????????????????????? | | ?????????????????????????????????????????????????? | | ?????????????????????????????????????????????????? | | ?????????????????????????????????????????????????? | | ?????????????????????????????????????????????????? | | ????????????? ????????????????#####??????????????? | | ????????????? ??????????????##" #??????????????# | | ???????????? ????????????#" #?????????????## | | ???????????? ??????????##" ##????????????# | | ???????????? ???????###= ###????????### | | ??????????? ?????#![g[ ########## | | ?????????? ??###[*[!! #""""## | | ?????????? ##!a!![%[ * | | ?????????? a=%==%*## * | | ?????????? @!![*#### | | ?????????? [!"#?#"""""#### | | ?????????? "##?#######??#### | | ??????????? ###??????????????##### | | ??????????? #????????????????????## | | ???????????? ###?????????????????????? | | ????????????" "# #????????????????????????? | | ???????????? a "###?????????????????????????? | | ?????????????"""" ""#????????????????????????????? | | ??????????????#####??????????????????????????????? | | ?????????????????????????????????????????????????? | | ?????????????????????????????????????????????????? | | ?????????????????????????????????????????????????? | | ?????????????????????????????????????????????????? | | ?????????????????????????????????????????????????? | | ?????????????????????????????????????????????????? | | ?????????????????????????????????????????????????? | | ?????????????????????????????????????????????????? | | ?????????????????????????????????????????????????? | | ?????????????????????????????????????????????????? | | ?????????????????????????????????????????????????? | | ?????????????????????????????????????????????????? | | ?????????????????????????????????????????????????? | | ?????????????????????????????????????????????????? | | ?????????????????????????????????????????????????? | +----------------------------------------------------+ Best States ------------- Heat Dissipation 35 Energy Generation 10 Energy Capacity 250 Matter Stores 300 Matter Capacity 300 Sight Range 16 Terrain Scan Density 10 Additional Mass Support 6 Evasion (%) 40 Item Schematics ----------------- None Robot Schematics ------------------ None Fabricated ------------ Nothing Alien Tech Used ----------------- None Achievements -------------- None Challenges ------------ None Game ------ Seed GuidanceCorruptionLauncher Manual? 0 Play Time 00:18:16 Cumulative 545.2 hours Start 2022.06.01 @ 15:44:55 End 2022.06.01 @ 17:39:54 Sessions 3 Manual Loads 0 Difficulty Rogue Special Mode None Game No. 441 Rogue 441 Adventurer 0 Explorer 0 Win Type - Total 5 Types 4/0/0/1/0/0/0/0/0 Lore% 71 Gallery% 83 Achievement% 66 Wizard Run 0 Options --------- ASCII 0 Keyboard 1 Movement Numpad Keybinds 0 Fullscreen 1 Font 12/Terminus Map View 83x54 Tactical HUD 1 Map Filters NONE Filters NONE Steam 1 RUN: 6c9f9b32-1a02-4fbe-819e-424b754697ab